AoeStats
← fechindeeznutz

Socotra

506023400Analyzed
2v2 RM · 20d ago on Sep 12, 2026· 40m 53s· 4 players
Game mode
Random Map
Map size
Tiny (2 player)
Population
200
Speed
Normal
Resources
Standard
Victory
Conquest
Starting age
Dark Age
Ending age
Imperial Age
RankedLock teamsTeams togetherTeam positionsShared explorationLock speedFull tech treeHidden civsTurbo modeCheats
Victory
Defeat
🇦🇷 Teutons · Argentina
824
+15
🇨🇳 Goths · China
789
+17
🇨🇦 Mapuche · Canada
830
-17
🇺🇸 Romans · United States
791
-15
felipe.flores8
11:30 Feudal Age
11:21 Loom
11:55 Horse Collar
12:02 Double-Bit Axe
11:57 Champi Runner
16:38 Arson
17:24 Arson
18:14 Forging
23:56 Castle Age
24:50 Wheelbarrow
25:19 Heavy Plow
25:32 Bow Saw
26:25 Champi Warrior
28:35 Stone Mining
28:10 Pikeman
28:56 Scale Mail Armor
38:36 Imperial Age
36:46 Hand Cart
36:54 Hand Cart
fechindeeznutz
5:23 Loom
12:39 Feudal Age
12:42 Man-at-Arms
27:11 Castle Age
Mauro Aurelio
0:46 Loom
4:26 Loom
11:33 Feudal Age
12:03 Town Watch
12:09 Double-Bit Axe
12:07 Horse Collar
14:01 Fletching
23:20 Castle Age
24:09 Bodkin Arrow
23:38 Elite Skirmisher
25:07 Masonry
28:35 Bow Saw
28:28 Heavy Plow
33:59 Ballistics
36:12 Imperial Age
36:05 Forging
37:22 Crenellations
38:19 Chemistry
38:58 Block Printing
39:27 Wheelbarrow
39:25 Crop Rotation
40:03 Two-Man Saw
40:06 Conscription
看天气
0:38 Loom
13:56 Feudal Age
15:33 Wheelbarrow
14:40 Horse Collar
14:47 Double-Bit Axe
19:28 Castle Age
17:19 Town Watch
16:59 Man-at-Arms
19:37 Forging
19:28 Scale Mail Armor
19:37 Long Swordsman
20:18 Squires
20:30 Heavy Plow
23:09 Chain Mail Armor
24:12 Iron Casting
24:35 Gold Mining
24:42 Stone Mining
25:51 Bow Saw
27:53 Hand Cart
30:09 Stone Shaft Mining
31:00 Town Patrol
31:33 Husbandry
33:44 Ballistics
33:36 Masonry
37:26 Imperial Age
37:13 Fletching
37:46 Capped Ram
37:49 Two-Handed Swordsman
39:16 Architecture
39:46 Chemistry
38:42 Murder Holes
39:52 Blast Furnace
39:01 Perfusion
39:29 Conscription
40:12 Guilds
39:47 Champion
Connection lost

Rejoining the realm…

Still unreachable

The connection could not be restored.

Session expired

The server has moved on; the page needs a fresh start.